 Dungeon Crawl Stone Soup version 0.24.0-13-gcf9b319 (webtiles) character file.

Game seed: 4859791939327299603, levelgen mode: deterministic

294 TheDoctor the Skirmisher (level 6, -6/76 HPs)
             Began as a Demonspawn Berserker on Nov 9, 2019.
             Was a Believer of Trog.
             Killed from afar by an orc wizard (9 damage)
             ... with a puff of flame
             ... on level 5 of the Dungeon.
             The game lasted 00:09:37 (5208 turns).

TheDoctor the Skirmisher (Demonspawn Berserker)     Turns: 5208, Time: 00:09:39

Health: -6/76      AC:  5    Str: 24    XL:     6   Next: 11%
Magic:  0/6        EV: 12    Int:  9    God:    Trog [**....]
Gold:   189        SH:  0    Dex: 12    Spells: 5/5 levels left

rFire    . . .     SeeInvis .   a - +0 falchion
rCold    . . .     Gourm    .   (no shield)
rNeg     . . .     Faith    .   b - +1 animal skin
rPois    .         Spirit   +   (no helmet)
rElec    .         Reflect  .   s - scarf {cloud immunity}
rCorr    .         Harm     .   (no gloves)
MR       ++...                  (no boots)
Stlth    ..........             (no amulet)
HPRegen  1.22/turn              (no ring)
MPRegen  0.10/turn              (no ring)

@: berserking, lethally poisoned (-6 -> -23), regenerating, very quick
A: claws 1, thin metallic scales 1, magic shield
a: Berserk, Trog's Hand, Renounce Religion


You were on level 5 of the Dungeon.
You worshipped Trog.
Trog was pleased with you.
You were near starving.

You visited 1 branch of the dungeon, and saw 5 of its levels.

You collected 189 gold pieces.

Inventory:

Hand Weapons
 a - a +0 falchion (weapon)
 p - a +2 dagger of speed
Missiles
 d - 109 stones (quivered)
 k - 18 poisoned darts
 u - a throwing net
 v - 3 boomerangs
Armour
 b - a +1 animal skin (worn)
 s - a scarf of cloud immunity (worn)
Jewellery
 j - an uncursed ring of protection from fire {unknown}
Scrolls
 e - a scroll of fog {unknown}
 f - a scroll of enchant armour
 g - 3 scrolls of teleportation
 h - 3 scrolls of amnesia {unknown}
 i - 2 scrolls of identify {unknown}
 l - 2 scrolls of immolation {unknown}
 n - 2 scrolls of fear
 q - 2 scrolls of magic mapping {unknown}
 r - 2 scrolls of remove curse {unknown}
 w - a scroll of enchant weapon {unknown}
Potions
 m - a potion of agility {unknown}
 o - a potion of lignification {unknown}
 t - 2 potions of curing {unknown}
 x - 2 potions of degeneration {unknown}
Comestibles
 c - 6 rations


   Skills:
 - Level 5.0 Fighting
 + Level 3.1 Long Blades
 - Level 1.7 Armour
 - Level 1.7 Dodging
 + Level 4.2 Stealth


You had 5 spell levels left.
You didn't know any spells.
Your spell library was empty.

Dungeon Overview and Level Annotations

Branches:
Dungeon (5/15)             Temple (0/1) D:4

Altars:
Fedhas

Annotations:
D:5 Grinder


Innate Abilities, Weirdness & Mutations

You have sharp fingernails.
You are partially covered in thin metallic scales. (AC +2)
When hurt, damage is shared between your health and your magic reserves.


Message History

The orc hits you.
* * * LOW HITPOINT WARNING * * *
The orc hits you from afar with a +0 trident of venom!
* * * LOW HITPOINT WARNING * * *
You are more poisoned.
The orc barely misses you.
You riposte.
You hit the orc.
The orc is severely wounded.
Unknown command.
Unknown command.
You are too berserk!
Unknown command.
Unknown command.
You barely miss something.
* * * LOW HITPOINT WARNING * * *
You feel very sick. The orc misses you.
You hear some strange, mumbled words.
A puff of flame appears from out of thin air!
The puff of flame hits you!
You die...

##.... .## ..... #... #...##
#...# #.#ยง.##...#
###.#.....#.# #.
####.....#.###.###.## #.#
##....#.....o.........
##.###.......###{o.......#####
.......#...###
#@o.###........###
##.###.#.### #o#.# #.........
#.#...### #.#..# .......>.#
#...### ..##..# .........#
#..## #### #.%#.........#
##..# #.........<.# <...#
#..........# .....# ........##
......# .........#


You could see 4 orcs.

Vanquished Creatures
  2 orc priests (D:3)
  An iguana (D:3)
  An orc wizard (D:3)
  4 gnolls (D:3)
  7 adders
  An ooze (D:3)
  2 worms
  A dart slug (D:1)
  A leopard gecko (D:3)
  10 orcs
  12 bats
  5 goblins
  8 hobgoblins
  7 kobolds
  A quokka (D:2)
  2 frilled lizards (D:1)
  8 rats
73 creatures vanquished.

Notes
Turn   | Place    | Note
-------+----------+-------------------------------------------
     0 | D:1      | TheDoctor the Demonspawn Berserker began the quest for the
                  | Orb.
     0 | D:1      | Reached XP level 1. HP: 18/18 MP: 1/1
   360 | D:1      | Reached skill level 1 in Stealth
   405 | D:1      | Gained mutation: You have sharp fingernails. [demonic
                  | ancestry]
   405 | D:1      | Reached XP level 2. HP: 24/24 MP: 2/2
   606 | D:1      | You fall into a shaft and drop 1 floor!
  1472 | D:2      | Gained mutation: When hurt, damage is shared between your
                  | health and your magic reserves. [demonic ancestry]
  1472 | D:2      | Reached XP level 3. HP: 15/30 MP: 3/3
  2026 | D:2      | Reached skill level 4 in Fighting
  2075 | D:2      | Reached ** piety under Trog
  2379 | D:3      | Reached XP level 4. HP: 37/37 MP: 4/4
  2608 | D:3      | Found a blossoming altar of Fedhas.
  3029 | D:3      | Gained mutation: You are partially covered in thin metallic
                  | scales. (AC +2) [demonic ancestry]
  3029 | D:3      | Reached XP level 5. HP: 37/43 MP: 1/5
  3719 | D:3      | Reached skill level 5 in Fighting
  3794 | D:3      | Reached XP level 6. HP: 35/51 MP: 3/6
  4270 | D:4      | Found a staircase to the Ecumenical Temple.
  5119 | D:5      | Entered Level 5 of the Dungeon
  5121 | D:5      | Noticed Grinder
  5208 | D:5      | HP: 3/76 [poisoned by an orc]
  5208 | D:5      | Killed from afar by an orc wizard

Levels and vault maps discovered:
D:1:      dpeg_arrival_arbitrary_a, layout_basic, minmay_misc_feat_plants,
          minmay_tetromino_l2
D:2:      layout_basic
D:3:      layout_basic, fedhas_altar_1
D:4:      layout_layer_cave, minmay_temple_entry_steel_oval, first_ration
D:5:      layout_rooms, nrook_loot_triangle, grunt_ministairs_2,
          hangedman_abyss_or_decor_passed, uniq_sigmund, uniq_pikel,
          uniq_grinder

Skill      XL: |  1  2  3  4  5 |
---------------+----------------+-----
Stealth        | 1 2 3 4 |  4.2
Fighting       | 4 5 |  5.0
Long Blades    | 3 |  3.1
Armour         | |  1.7
Dodging        | |  1.7

Action                   |  1- 3 |  4- 6 || total
-------------------------+-------+-------++-------
Melee: Falchion          |   105 |   127 ||   232
Throw: Stone             |    17 |     9 ||    26
Invok: Berserk           |     1 |     7 ||     8
       Trog's Hand       |       |     1 ||     1
  Use: Scroll            |     3 |       ||     3
 Stab: Sleeping          |     4 |     2 ||     6
  Eat: Chunk             |     5 |     8 ||    13
       Ration            |       |     2 ||     2
Armor: Animal skin       |    25 |    34 ||    59
Dodge: Dodged            |    71 |    92 ||   163
       Rpst.: Falchion   |    20 |    27 ||    47
